Map: Bridgehead LE (Void)

Players

Skiboots - Winner!

  • Race: Terran Terran
  • League: Gold

Chernobog

  • Race: Terran Terran
  • League: Gold

VOD

Have the link to the VOD?

Description

Time

  • Played on: Sept. 4, 2015, 12:28 a.m.
  • Length: 3:07
Show
View Real Time Build Order
Export as new Build Order

Skiboots Terran - Winner!

Build Orders:  

Get SALT Encoding   

  12  0:01  SCV  
  13  0:13  SCV  
  14  0:18  Supply Depot  
  14  0:25  SCV  
  15  0:40  SCV  
  15  0:41  Barracks  
  16  0:45  Refinery  
  16  0:57  Barracks  
  16  1:00  SCV  
  17  1:12  SCV  
  18  1:24  Refinery  
  18  1:25  SCV  
  19  1:28  Reaper  
  19  1:30  Supply Depot  
  20  1:37  SCV  
  21  1:46  Reaper  
  22  1:49  SCV  
  22  1:53  Supply Depot  
  23  2:00  Reaper  
  23  2:01  SCV  
  25  2:13  SCV  
  26  2:18  Reaper  
  27  2:26  SCV  
  28  2:32  Marine  
  29  2:41  SCV  
  30  2:47  Command Center  
Show
View Real Time Build Order
Export as new Build Order

Chernobog Terran 

Build Orders: Reaper Expand 

Get SALT Encoding   

  12  0:01  SCV  
  13  0:13  SCV  
  14  0:20  Supply Depot  
  14  0:25  SCV  
  15  0:41  SCV  
  16  0:42  Barracks  
  16  0:47  Refinery  
  16  0:53  SCV  
  17  1:05  SCV  
  18  1:18  SCV  
  19  1:30  Orbital Command  
  19  1:31  Reaper  
  20  1:34  Supply Depot  
  20  1:49  Command Center  
  20  2:07  Factory  
  20  2:08  SCV  
  21  2:10  Marine  
  22  2:20  SCV  
  23  2:28  Marine  
  24  2:32  SCV  
  24  2:44  SCV  
  24  2:48  Barracks  
  24  2:49  Barracks Reactor  
  24  2:50  Barracks  
  28  3:01  Refinery  
Tags
 
Add a new tag
Caveats
  • Supply blocks, unpowered buildings, or Contaminate may cause inaccurate times.
  • Supply counts are checked every 10 seconds.